woodfighter, neutral female human Priestess ------------- ............| |...........| ........<...| |...........| ---.--------- ##@B woodfighter the Acolyte Experience level: 4 Strength: 9 Dexterity: 13 Constitution: 14 Intelligence: 19 Wisdom: 7 Charisma: 13 Health: 0(29) Energy: 34(34) Def: 4 Gold: 131 Moves: 2177 Dungeon seed: 4rbKJdMbNcnDi1ML Game ID: woodfighter_1598810695 Your Inventory: Coins $ - 131 gold pieces Weapons a - a blessed +1 mace (weapon in hand) Armor e - a +0 robe (being worn) n - a +0 small shield (being worn) r - a +0 orcish helm (being worn) Comestibles d - a sprig of wolfsbane l - a tripe ration Scrolls v - 2 scrolls of scare monster w - a scroll of identify x - a blessed scroll of light z - a scroll of stinking cloud A - a cursed scroll of water Spellbooks h - a spellbook of detect monsters Potions b - 4 potions of holy water j - a potion of extra healing m - a potion of gain energy o - a potion of fruit juice p - a potion of confusion u - a potion of levitation Wands f - a wand of cancellation (0:1) q - a wand of enlightenment (0:11) Tools i - a magic marker (0:62) Gems y - a touchstone N - a jade Spells and supernatural/magical abilities: Name Level Category Fail Memory l - light 1 divination 0% 90% n - detect monsters 1 divination 0% 90% W - pray for help -- divine ? -- X - turn undead -- divine ? -- Your skills at the end: Miscellaneous Skills shield [Basic] wands [Basic] Weapon Skills mace [Basic] Spellcasting Skills clerical spells [Basic] Final Attributes: You were devoutly aligned. You were very stealthy. You are dead. Vanquished creatures: a housecat a shrieker a jitterbug a giant bat a hobbit 3 geckos 3 giant rats 2 jackals a fox a kobold 5 newts 5 goblins 2 grid bugs 2 lichens 29 creatures vanquished. Voluntary challenges: You did not adorn yourself with jewelry or accessories. You did not cause conflict. You were not invisible. You did not have reflection. You were not displaced. You were an atheist. You used a wielded weapon 39 times, starting on turn 2. You did not use containers. You did not apply a unicorn horn. You did not use plumbed fixtures. You did not drink any magical draughts. You were illiterate. You never genocided any monsters. You never polymorphed an object. You never changed form. You used no wishes. You never split a pudding. You never wrote Elbereth's name. You never violated your personal moral code. Dungeon overview: The Dungeons of Doom: levels 1 to 5 Level 1 a fountain a long staircase Level 2 (water) a general store Level 3 (box) a fountain stairs to The Gnomish Mines Level 4 Level 5 <- You were here The Gnomish Mines: Level 4 stairs to The Dungeons of Doom History has recorded: On T:1 you entered the Dungeons of Doom to retrieve the Amulet of Yendor! On T:146 you reached level 2 of The Dungeons of Doom. On T:667 you advanced to experience level 2. On T:719 you reached level 3 of The Dungeons of Doom. On T:1123 you advanced to experience level 3. On T:1243 you reached level 4 of The Dungeons of Doom. On T:1547 you reached level 1 of The Gnomish Mines. On T:1674 you advanced to experience level 4. On T:1967 you reached level 5 of The Dungeons of Doom. Score breakdown: Gold: 131 ( 13 points) Experience: 4 levels ( 300 points) Exploration: 5 levels ( 120 points) Discoveries: 15 items ( 750 points) Variety of kills: 14 monsters ( 700 points) Major goal: (nothing yet) ( 0 points) Survival: died (score multiplied by 3) Total score: 5649 Latest messages: You see here a green gem. N - a green gem. $ - 22 gold pieces. The door resists! The door opens. With great effort you move the boulder. You try to move the boulder, but in vain. (2x) Nowhere else around here can be automatically explored. (2x) Where do you want to travel to? You hit the gas spore. A - a cursed scroll labeled ZELGO MER. You stop exploring. (4x) The housecat bites! You hit the housecat. The housecat bites! (2x) You hit the housecat. The housecat bites! You hit the housecat! The housecat bites! You hit the housecat! The housecat turns to flee! You kill the housecat! You see here a housecat corpse. You hit the giant bat. The giant bat bites! (2x) You die... Final status: Goodbye woodfighter the Priestess, killed by a giant bat... You died in The Dungeons of Doom on dungeon level 5 with 5649 points, and 131 pieces of gold, after 2177 moves. You were level 4 with a maximum of 29 hit points when you died.